 Dungeon Crawl Stone Soup version 0.30.1-4-g462c640d31 (webtiles) character file.

Game seed: 13620520653157529819

16176 Wiggles the Executioner (level 12, -3/90 HPs)
             Began as a Minotaur Berserker on Aug 17, 2023.
             Was an Elder of Trog.
             Slain by a ten-headed hydra (6 damage)
             ... on level 12 of the Dungeon.
             The game lasted 00:22:55 (12104 turns).

Wiggles the Executioner (Minotaur Berserker)       Turns: 12104, Time: 00:22:56

Health: -3/90      AC: 20    Str: 26    XL:     12   Next: 7%
Magic:  11/11      EV: 12    Int:  4    God:    Trog [****..]
Gold:   498        SH:  5    Dex: 11    Spells: 11/11 levels left

rFire   . . .        M - +8 battleaxe (venom)
rCold   . . .        (shield currently unavailable)
rNeg    + + .        w - +4 plate armour
rPois   .            (helmet restricted)
rElec   .            A - +0 cloak
rCorr   .            k - +0 pair of gloves
SInv    .            c - +2 pair of boots "Unnezina" {rN+}
Will    .....        p - amulet of reflection Stlth
                     G - ring of positive energy
HPRegen 0.35/turn    H - +5 ring of evasion
MPRegen 0.12/turn

%: reflection
@: no status effects
A: horns 2, retaliatory headbutt
a: Renounce Religion, Berserk, Trog's Hand, Brothers in Arms


You were on level 12 of the Dungeon.
You worshipped Trog.
Trog was greatly pleased with you.
You visited 1 branch of the dungeon, and saw 12 of its levels.
You also visited: Sewer.

You collected 631 gold pieces.
You spent 133 gold pieces at shops.

Inventory:

Hand Weapons
 x - the +10 war axe "Kadokuf" {freeze, *Noise rCorr Dex+3}
   (You found it on level 4 of the Dungeon)

   Dex:       It affects your dexterity (+3).
   *Noise:    It may make noises in combat.
   rCorr:     It protects you from acid and corrosion.
 M - a +8 battleaxe of venom (weapon)
Armour
 c - the +2 pair of boots "Unnezina" (worn) {rN+}
   (You acquired it on level 8 of the Dungeon)

   rN:        It protects you from negative energy.
 k - a +0 pair of gloves (worn)
 w - a +4 plate armour (worn)
 A - a +0 cloak (worn)
Jewellery
 p - an amulet of reflection (around neck)
 B - a ring of protection from cold
 G - a ring of positive energy (left hand)
 H - a +5 ring of evasion (right hand)
Wands
 g - a wand of flame (20)
 o - a wand of light (3)
 r - a wand of paralysis (7)
 v - a wand of polymorph (10)
 F - a wand of mindburst (14)
Scrolls
 e - a scroll of fear
 f - a scroll of vulnerability
 j - a scroll of immolation
 m - 3 scrolls of blinking
 n - 3 scrolls of fog
 y - 3 scrolls of magic mapping
 z - 3 scrolls of identify
Potions
 a - a potion of experience
 d - 4 potions of haste
 h - 5 potions of cancellation
 i - 2 potions of might
 l - 4 potions of heal wounds
 q - 2 potions of ambrosia
 s - 5 potions of curing
 t - 3 potions of flight
 u - 5 potions of magic
 D - a potion of brilliance {unknown}
 E - 2 potions of invisibility
 J - 3 potions of attraction
 K - a potion of berserk rage {unknown}
 L - 2 potions of lignification
Miscellaneous
 b - a phantom mirror


   Skills:
 - Level 3.6 Fighting
 + Level 22.2 Axes
 - Level 2.4 Armour
 - Level 2.1 Dodging
 - Level 0.1 Stealth
 + Level 4.6 Shields


You had 11 spell levels left.
You didn't know any spells.
Your spell library was empty.

Dungeon Overview and Level Annotations

Branches:
Dungeon (12/15)            Temple (0/1) D:7            Lair (0/5) D:10
    Orc (0/2) D:9           Sewer (visited)

Altars:
Cheibriados
Gozag
Hepliaklqana
Kikubaaqudgha
Nemelex Xobeh
Sif Muna
Trog
Vehumet
Wu Jian
Xom
Zin
The Shining One

Shops:
D:2 [   D:6 *   D:7 :   D:8 *

Portals:
Trove: D:11 (give +4 fire dragon scales)


Innate Abilities, Weirdness & Mutations

You have a pair of horns on your head.
You reflexively headbutt those who attack you in melee.


Message History

The shock serpent shoots out a bolt of lightning at you!
The bolt of electricity misses you. x2
The eight-headed hydra bites you but does no damage. x2
The eight-headed hydra bites you.
The eight-headed hydra barely misses you.
The eight-headed hydra bites you.
The eight-headed hydra bites you but does no damage.
The eight-headed hydra closely misses you.
The eight-headed hydra bites you.
You miss the shock serpent.
The shock serpent is severely wounded.
You hack one of the eight-headed hydra's heads off!
The seven-headed hydra grows two more!
You slash the nine-headed hydra!
The shock serpent changes into a glowing orange brain!
The nine-headed hydra bites you but does no damage.
The nine-headed hydra closely misses you.
The nine-headed hydra bites you. The nine-headed hydra bites you!
* * * LOW HITPOINT WARNING * * *
The nine-headed hydra bites you but does no damage. x2
The nine-headed hydra closely misses you.
The nine-headed hydra bites you but does no damage. x2
You slash the glowing orange brain!
Your headbutt misses the glowing orange brain.
The glowing orange brain is moderately wounded.
You chop one of the nine-headed hydra's heads off!
The eight-headed hydra grows two more!
You slash the ten-headed hydra! The ten-headed hydra bites you.
* * * LOW HITPOINT WARNING * * *
The ten-headed hydra bites you.
* * * LOW HITPOINT WARNING * * *
The ten-headed hydra bites you.
* * * LOW HITPOINT WARNING * * *
The ten-headed hydra bites you but does no damage.
The ten-headed hydra barely misses you.
The ten-headed hydra bites you but does no damage.
The ten-headed hydra bites you.
* * * LOW HITPOINT WARNING * * *
You block the ten-headed hydra's attack.
The ten-headed hydra bites you.
You die...

#..# #..# #..#
#..# . .#.)#
..##########..#..#
..............#..#
$......GD....$#..#
#####'@#######..#
...........†.....#
...........†.....#
##################


You could see a ten-headed hydra (very poisoned) and a glowing orange brain
shaped shifter.

Vanquished Creatures
  5 two-headed ogres
  The ghost of middlethird the Carver, a novice FoNe of Cheibriados (D:8)
  An orc high priest (D:10)
  Pikel (D:4)
  3 cyclopes
  A manticore (D:11)
  A gargoyle (D:10)
  2 unseen horrors
  2 komodo dragons (D:12)
  6 trolls
  A slime creature (D:12)
  2 vampires
  Sigmund (D:6)
  2 wyverns
  6 yaks
  2 steam dragons
  3 acid dragons
  A black bear (D:5)
  2 ice beasts
  6 orc warriors
  6 centaurs
  6 kobold brigands
  3 bullfrogs
  A gnoll sergeant (D:11)
  3 scorpions
  11 wights
  9 killer bees
  2 howler monkeys
  6 hounds
  6 orc priests
  4 jellies
  3 iguanas
  16 orc wizards
  Natasha (thrice) (D:4)
  Robin (D:4)
  9 gnolls
  5 adders
  5 river rats (Sewer)
  2 ufetubi (D:4)
  A worm (D:5)
  5 dart slugs
  54 orcs
  8 endoplasms
  4 giant cockroaches
  18 goblins
  13 hobgoblins
  2 jackals (D:1)
  A quokka (D:1)
  13 ball pythons
  2 bats
  5 frilled lizards
  40 kobolds
  27 rats
343 creatures vanquished.

Vanquished Creatures (collateral kills)
  An ogre mage (D:10)
  An orc priest (D:10)
  An orc (D:10)
3 creatures vanquished.

Grand Total: 346 creatures vanquished

Notes
Turn   | Place    | Note
-------+----------+-------------------------------------------
     0 | D:1      | Wiggles the Minotaur Berserker began the quest for the Orb.
     0 | D:1      | Reached XP level 1. HP: 19/19 MP: 0/0
   113 | D:1      | Reached skill level 4 in Axes
   167 | D:1      | Reached XP level 2. HP: 20/26 MP: 1/1
   243 | D:1      | Found a faded altar of an unknown god.
   768 | D:2      | Reached ** piety under Trog
   821 | D:2      | Reached skill level 5 in Axes
   958 | D:2      | Reached XP level 3. HP: 30/31 MP: 2/2
  1016 | D:2      | Found Micowiulu's Armour Shop.
  1021 | D:2      | Bought a +0 pair of gloves for 49 gold pieces
  1617 | D:3      | Reached skill level 6 in Axes
  1617 | D:3      | Reached XP level 4. HP: 39/39 MP: 3/3
  2240 | D:3      | Reached *** piety under Trog
  2255 | D:3      | Reached XP level 5. HP: 45/45 MP: 4/4
  2458 | D:4      | Noticed Pikel
  2458 | D:4      | Noticed a lemure
  2458 | D:4      | Noticed a lemure
  2458 | D:4      | Noticed a lemure
  2459 | D:4      | Noticed a lemure
  2467 | D:4      | Killed Pikel
  2468 | D:4      | Reached skill level 9 in Axes
  2468 | D:4      | Reached XP level 6. HP: 51/51 MP: 5/5
  2468 | D:4      | Reached XP level 7. HP: 57/57 MP: 6/6
  2526 | D:4      | Reached skill level 10 in Axes
  2543 | D:4      | Noticed Robin
  2554 | D:4      | Killed Robin
  2862 | D:4      | Reached **** piety under Trog
  3300 | D:4      | Identified the +10 war axe "Kadokuf" {freeze, *Noise rCorr
                  | Dex+3}
  3353 | D:4      | Reached skill level 11 in Axes
  3493 | D:4      | Noticed Natasha
  3498 | D:4      | Killed Natasha
  4009 | D:4      | Noticed Natasha
  4015 | D:4      | Killed Natasha
  4308 | D:4      | Noticed Natasha
  4311 | D:4      | Killed Natasha
  4342 | D:5      | Entered Level 5 of the Dungeon
  4355 | D:5      | Reached XP level 8. HP: 64/64 MP: 7/7
  4451 | D:5      | Found a glowing drain.
  4469 | Sewer    | Entered a sewer
  4639 | Sewer    | Reached skill level 12 in Axes
  4763 | Sewer    | Reached ***** piety under Trog
  5937 | D:6      | Found Pait's Elemental Accessories.
  5943 | D:6      | Noticed Sigmund
  5950 | D:6      | Killed Sigmund
  5951 | D:6      | Reached skill level 13 in Axes
  6126 | D:6      | Found an ornate altar of the Wu Jian Council.
  6256 | D:6      | Reached skill level 14 in Axes
  6325 | D:6      | Found a shimmering altar of Xom.
  6326 | D:6      | Found a hazy altar of Hepliaklqana.
  6327 | D:6      | Noticed a spectral ugly thing
  6394 | D:6      | Reached XP level 9. HP: 60/70 MP: 8/8
  6554 | D:6      | Found a snail-covered altar of Cheibriados.
  7027 | D:7      | Found a staircase to the Ecumenical Temple.
  7076 | D:7      | Reached skill level 15 in Axes
  7203 | D:7      | Reached skill level 16 in Axes
  7352 | D:7      | Received a gift from Trog
  7532 | D:7      | Found an opulent altar of Gozag.
  7532 | D:7      | Found a sparkling altar of Nemelex Xobeh.
  7558 | D:7      | Found Lorriwk's Book Shop.
  7593 | D:7      | Noticed a troll
  7597 | D:7      | Killed a troll
  7945 | D:8      | Reached skill level 17 in Axes
  7945 | D:8      | Reached XP level 10. HP: 52/77 MP: 9/9
  8057 | D:8      | Identified the -2 pair of boots of Lucidity {Rampage}
  8257 | D:8      | Found Bungaf's Gadget Gallery.
  8266 | D:8      | Bought a wand of flame (10) for 84 gold pieces
  8392 | D:8      | Found a runed translucent door.
  8393 | D:8      | Noticed middlethird's ghost (novice FoNe)
  8405 | D:8      | Killed middlethird's ghost
  8572 | D:8      | Reached skill level 18 in Axes
  8768 | D:8      | Identified a scroll of acquirement
  8768 | D:8      | Acquired the +2 pair of boots "Unnezina" {rN+}
  8805 | D:9      | Found a glowing golden altar of the Shining One.
  8889 | D:9      | Found a glowing silver altar of Zin.
  8904 | D:9      | Found a bloodstained altar of Trog.
  9410 | D:9      | Noticed a two-headed ogre
  9418 | D:9      | Killed a two-headed ogre
  9419 | D:9      | Reached skill level 19 in Axes
  9559 | D:9      | Found a staircase to the Orcish Mines.
  9680 | D:10     | Entered Level 10 of the Dungeon
  9961 | D:10     | Found a staircase to the Lair.
 10019 | D:10     | Noticed a gargoyle
 10026 | D:10     | Killed a gargoyle
 10027 | D:10     | Reached XP level 11. HP: 82/82 MP: 10/10
 10098 | D:10     | Found an ancient bone altar of Kikubaaqudgha.
 10100 | D:10     | Found a shimmering blue altar of Sif Muna.
 10103 | D:10     | Found a radiant altar of Vehumet.
 10152 | D:10     | Reached skill level 1 in Shields
 10259 | D:10     | Noticed an ogre mage
 10436 | D:10     | Found a transporter.
 10436 | D:10     | Found a transporter.
 10441 | D:10     | Noticed an orc high priest
 10447 | D:10     | Noticed a two-headed ogre
 10451 | D:10     | Reached skill level 20 in Axes
 10457 | D:10     | Killed a two-headed ogre
 10460 | D:10     | Killed an ogre mage
 10476 | D:10     | Killed an orc high priest
 10773 | D:11     | Noticed a two-headed ogre
 10787 | D:11     | Killed a two-headed ogre
 10788 | D:11     | Reached skill level 21 in Axes
 10846 | D:11     | Noticed a two-headed ogre
 10859 | D:11     | Killed a two-headed ogre
 11170 | D:11     | Found a portal to a secret trove of treasure.
 11800 | D:12     | Noticed a two-headed ogre
 11804 | D:12     | Killed a two-headed ogre
 11812 | D:12     | Reached skill level 22 in Axes
 11887 | D:12     | Reached XP level 12. HP: 76/90 MP: 11/11
 12096 | D:12     | Noticed a four-headed hydra
 12104 | D:12     | HP: 4/90 [ten-headed hydra (5)]
 12104 | D:12     | Slain by a ten-headed hydra

Illustrated notes

Levels and vault maps discovered:
D:1:      wander_arrival_abandoned_jail, layout_basic,
          shapermc_ecumenical_altar_ellora, minmay_fountain_box
D:2:      layout_basic, serial_shops, nicolae_shop_rolling_square
D:3:      layout_loops_corners, minmay_misc_feat_pillars
D:4:      corexii_shantytown, layout_cave_pods, uniq_robin, uniq_natasha,
          uniq_pikel
D:5:      layout_loops_ring, cheibrodos_sewer_entry_bend, minmay_crystal_water,
          serial_park_tiny_2, minivault_14
D:6:      layout_basic, regret_index_temple_of_mockery,
          nzn_wu_jian_contemplation, mainiacjoe_overflow_cross_hatched,
          serial_curves, eino_curves_01, eino_curves_01, eino_curves_04,
          nicolae_elemental_shop, uniq_sigmund
D:7:      layout_loops_ring, grunt_temple_overflow_opulence,
          minmay_temple_entry_waves, serial_shops, shop
D:8:      layout_cave_pods, ebering_ghost_reflecting_pool, nicolae_shop_gadgets
D:9:      layout_long_grid, mainiacjoe_overflow_large_starburst,
          mainiacjoe_overflow_paths, hiddenorc1_lemuel, minmay_quadrilaterals
D:10:     gammafunk_beogh_shrine, layout_loops_ring,
          grunt_temple_overflow_magic_moments, grunt_lair_entry_orc_guard_hut
D:11:     layout_basic, nicolae_trove_entry_crystal, minivault_19,
          minmay_starry_boxes
D:12:     lemuel_traditional_vault, layout_gridville, uniq_lodul, uniq_rupert

Skill      XL: |  1  2  3  4  5  6  7  8  9 10 11 |
---------------+----------------------------------+-----
Axes           | 4 5 6 9 11 14 17 19 22 | 22.2
Shields        | 4 |  4.6
Fighting       | |  3.6
Armour         | |  2.4
Dodging        | |  2.1
Stealth        | |  0.1

Action                     |  1- 3 |  4- 6 |  7- 9 | 10-12 || total
---------------------------+-------+-------+-------+-------++-------
  Melee: Hand axe          |    87 |    60 |   115 |       ||   262
         Headbutt          |    17 |    10 |    47 |    35 ||   109
         War axe           |       |       |   179 |     2 ||   181
         Punch             |       |       |     2 |       ||     2
         Battleaxe         |       |       |       |   235 ||   235
 Invoke: Berserk           |     1 |     1 |     3 |     3 ||     8
         Brothers in Arms  |       |       |       |     3 ||     3
    Use: Potion            |       |       |     4 |       ||     4
         Scroll            |       |       |    24 |     7 ||    31
 Armour: Animal skin       |     2 |       |       |       ||     2
         Leather armour    |     5 |       |       |       ||     5
         Scale mail        |    12 |    26 |    33 |       ||    71
         Plate armour      |       |       |   120 |   141 ||   261
  Dodge: Dodged            |    35 |    25 |   131 |   130 ||   321
  Block: Other             |       |       |       |    45 ||    45
         Reflection        |       |       |       |     1 ||     1
